 Dungeon Crawl Stone Soup version 0.18-a0-1730-g73f0523 (webtiles) character file.

4419 4thArraOfDagon the Cleaver (level 10, -3/136 HPs)
             Began as a Hill Orc Wanderer on Apr 10, 2016.
             Was a Believer of Makhleb.
             Slain by a hill giant
             ... wielding a +0 giant club
              (24 damage)
             ... on level 11 of the Dungeon.
             The game lasted 00:21:31 (3324 turns).

4thArraOfDagon the Cleaver (Hill Orc Wanderer)      Turns: 3324, Time: 00:21:32

Health: -3/136     AC: 25    Str: 21    XL:     10   Next: 36%
Magic:  10/10      EV:  2    Int:  8    God:    Makhleb [**....]
Gold:   65         SH:  0    Dex: 10    Spells: 0 memorised, 9 levels left

rFire  . . .     SeeInvis .     y - +1 broad axe
rCold  . . .     Gourm    .     (armour currently unavailable)
rNeg   + + +     Faith    .     (no shield)
rPois  +         Spirit   .     (helmet currently unavailable)
rElec  .         Dismiss  .     (cloak currently unavailable)
rCorr  .         Reflect  .     (gloves currently unavailable)
SustAt .         Harm     .     (boots currently unavailable)
MR     .....     NoTele   +     r - macabre finger necklace {rN+}
Stlth  ++........               (no ring)
                                c - ring of positive energy
                                (no ring)

@: tree-form, not resistant to hostile enchantments, unstealthy
A: dopey 1
a: Minor Destruction, Renounce Religion


You were on level 11 of the Dungeon.
You worshipped Makhleb.
Makhleb was pleased with you.
You were not hungry.
You were a tree.
You visited 2 branches of the dungeon, and saw 12 of its levels.

You collected 251 gold pieces.
You spent 186 gold pieces at shops.

Inventory:

Hand Weapons
 a - a +2 quarterstaff
 b - a +0 short sword
 d - a +0 dagger
 m - a +0 war axe
 y - a +1 broad axe (weapon)
Missiles
 t - 8 poisoned tomahawks (quivered)
Armour
 l - a +0 chain mail (melded)
 o - a +0 pair of boots (melded)
 p - a +1 pair of gloves (melded)
 A - a +0 cloak (melded)
Jewellery
 c - a ring of positive energy (left branch)
 r - the macabre finger necklace (around neck) {rN+}
   (You found it on level 6 of the Dungeon)

   [amulet of nothing]

   It protects you from negative energy.
Wands
 j - a wand of flame (18/48)
Scrolls
 f - 3 scrolls of enchant weapon
 g - a scroll of fear
 v - a scroll of remove curse
 C - 2 scrolls of magic mapping
Potions
 e - a potion of brilliance {unknown}
 n - 3 potions of curing
 q - a potion of haste
 s - 2 potions of ambrosia
 u - a potion of magic {unknown}
 x - a potion of flight {unknown}
 B - a potion of resistance {unknown}
Comestibles
 h - 3 chunks of flesh
 i - 3 meat rations
 k - a beef jerky
 z - a bread ration


   Skills:
 + Level 9.4 Fighting
 * Level 12.4 Axes
 - Level 1.7 Staves
 + Level 9.1 Armour
 - Level 0.5 Dodging
 - Level 2.4 Stealth
   Level 1.1 Shields


You had 9 spell levels left.
You didn't know any spells.

Dungeon Overview and Level Annotations

Branches:
Dungeon (11/15)            Temple (1/1) D:4            Lair (0/8) D:10
    Orc: D:9-12

Altars:
Dithmenos
Fedhas
Gozag
Makhleb
Nemelex Xobeh
Pakellas
Qazlal
Ru
Sif Muna
Trog
Xom
Zin
The Shining One

Shops:
D:5 ![(   D:9 ?

Annotations:
D:4 Eustachio
D:8 Maurice, Psyche


Innate Abilities, Weirdness & Mutations

You are dopey. (Int -2)


Message History

The hill giant hits you with a giant club!!
You slash the hill giant!
The hill giant is lightly wounded.
The hill giant hits you but does no damage.
You slice the hill giant!!
The hill giant is heavily wounded.
You slash the hill giant!
The hill giant is severely wounded.
The hill giant hits you with a giant club!
* * * LOW HITPOINT WARNING * * *
You are too injured to fight recklessly!
You slash the hill giant!
The hill giant is severely wounded.
The hill giant hits you with a giant club!!
* * * LOW HITPOINT WARNING * * *
Unknown command.
You hit the hill giant.
The hill giant is severely wounded.
The hill giant hits you with a giant club!!
You die...

#...# # #.#.# .#
#.#.# .####.
#...#######......
#..............
#..#÷......# #
#..<)#.._..#
#.#....#..........
#.C♣##.#........J.
#.#.##.##.##......
# #....##.. ......
##############.# #


You could see a hill giant.

Vanquished Creatures
  A hill giant (D:10)
  A centaur zombie (D:10)
  A centaur skeleton (D:10)
  4 yaks (D:9)
  A hippogriff (D:9)
  3 hungry ghosts
  2 ice beasts
  A phantom (D:7)
  A sky beast (D:6)
  A black bear (D:10)
  3 ogres
  A centaur (D:8)
  2 giant frogs
  A wyvern skeleton (D:9)
  A scorpion (D:10)
  7 wights
  A giant frog zombie (D:6)
  3 crimson imps
  3 jellies
  A gnoll shaman (D:5)
  An orc priest (D:8)
  8 hounds
  2 orc wizards
  A giant frog skeleton (D:10)
  An iguana (D:11)
  4 worker ants
  A hound skeleton (D:8)
  3 worker ant zombies
  6 adders
  3 gnolls (D:5)
  3 shadow imps
  An ooze (D:5)
  A worm (D:6)
  2 dart slugs (D:1)
  5 giant geckos
  9 orcs
  A hobgoblin (D:3)
  17 jackals
  A quokka (D:9)
  2 bats (D:1)
  2 giant newts (D:3)
  2 rats
115 creatures vanquished.

Notes
Turn   | Place    | Note
--------------------------------------------------------------
     0 | D:1      | 4thArraOfDagon the Hill Orc Wanderer began the quest for the Orb.
     0 | D:1      | 4thArraOfDagon set off with: a +2 quarterstaff, a +0 short sword, a +0 ring mail, a +0 dagger, a bread ration
     0 | D:1      | Reached XP level 1. HP: 16/16 MP: 1/1
    51 | D:1      | Reached XP level 2. HP: 19/23 MP: 2/2
   107 | D:3      | You fall through a shaft for 2 floors!
   107 | D:5      | Entered Level 5 of the Dungeon
   115 | D:5      | Found Jokhaff's Antique Weapon Boutique.
   203 | D:6      | Noticed a giant frog
   208 | D:6      | Noticed a crimson imp
   214 | D:6      | Killed a giant frog
   214 | D:6      | Reached XP level 3. HP: 12/31 MP: 3/3
   214 | D:6      | Reached XP level 4. HP: 15/38 MP: 4/4
   240 | D:6      | Noticed an ice beast
   266 | D:5      | Found a sacrificial altar of Ru.
   336 | D:5      | Reached XP level 5. HP: 23/46 MP: 5/5
   491 | D:7      | Noticed a hungry ghost
   591 | D:6      | Reached skill level 5 in Armour
   593 | D:6      | Noticed a sky beast
   659 | D:5      | Reached skill level 1 in Axes
   696 | D:5      | Found Mukluno's Distillery.
   737 | D:5      | Found Liecoilo's Antique Armour Emporium.
   796 | D:5      | Reached skill level 2 in Axes
   796 | D:5      | Reached XP level 6. HP: 53/53 MP: 6/6
   919 | D:5      | Reached skill level 5 in Fighting
   919 | D:5      | Reached skill level 3 in Axes
   971 | D:5      | Reached skill level 4 in Axes
   982 | D:5      | Found Syibastiado's Book Boutique.
   995 | D:4      | Noticed Eustachio
  1016 | D:4      | Reached XP level 7. HP: 52/61 MP: 7/7
  1247 | D:5      | Bought a glowing broad axe for 100 gold pieces
  1248 | D:5      | WOW
  1274 | D:4      | Reached skill level 5 in Axes
  1377 | D:3      | Found a bloodstained altar of Trog.
  1379 | D:3      | Noticed a wizard
  1395 | D:3      | Found an opulent altar of Gozag.
  1416 | D:5      | Bought a potion of curing for 30 gold pieces
  1479 | D:6      | Gained mutation: You are clumsy. (Dex -2) [mutagenic meat]
  1480 | D:6      | Lost mutation: You are clumsy. (Dex -2) [mutagenic meat]
  1481 | D:6      | Gained mutation: You are dopey. (Int -2) [mutagenic meat]
  1549 | D:7      | Reached skill level 6 in Axes
  1559 | D:6      | Noticed a spriggan
  1569 | D:7      | Reached XP level 8. HP: 70/70 MP: 8/8
  1643 | D:7      | Reached skill level 7 in Axes
  1710 | D:7      | Found a glowing silver altar of Zin.
  1930 | D:8      | Reached skill level 8 in Axes
  2091 | D:4      | Found a staircase to the Ecumenical Temple.
  2099 | Temple   | Entered the Ecumenical Temple
  2131 | Temple   | Became a worshipper of Makhleb the Destroyer
  2269 | D:8      | Noticed a two-headed ogre
  2363 | D:8      | Noticed Maurice
  2383 | D:9      | Found Houfish's Magic Scroll Shop.
  2389 | D:9      | Reached skill level 9 in Axes
  2390 | D:9      | Bought a scroll of magic mapping for 56 gold pieces
  2395 | D:9      | Found a stormy altar of Qazlal.
  2458 | D:9      | Reached XP level 9. HP: 79/79 MP: 9/9
  2611 | D:9      | Reached * piety under Makhleb
  2625 | D:9      | Reached skill level 10 in Axes
  2667 | D:8      | Noticed Psyche
  2668 | D:8      | :(
  2876 | D:10     | Entered Level 10 of the Dungeon
  2876 | D:10     | Noticed a hill giant
  2884 | D:10     | Killed a hill giant
  2884 | D:10     | Reached skill level 11 in Axes
  2966 | D:10     | Reached XP level 10. HP: 66/90 MP: 10/10
  3030 | D:10     | Reached skill level 12 in Axes
  3054 | D:10     | Found a shadowy altar of Dithmenos.
  3178 | D:10     | Reached ** piety under Makhleb
  3197 | D:10     | Found a staircase to the Lair.
  3290 | D:11     | Found an oddly glowing altar of Pakellas.
  3318 | D:11     | Noticed a hill giant
  3324 | D:11     | Slain by a hill giant

Vault maps used:
D:1:      dpeg_arrival_sounds_slurp, minmay_lizard_king
D:3:      overflow_temple_1_default, nicolae_overflow_hidden_temple,
          nicolae_gozag_cash_rules_everything_around_me, marbit_many_paths,
          grunt_temple_overflow_open, trog_wizard
D:4:      elyvilon_altar_3, minmay_temple_entry_statues_pillars,
          grunt_pakellas_basics, uniq_menkaure, uniq_eustachio, uniq_edmund
D:5:      lemuel_round_altar, serial_shops, shop, nicolae_shop_crystal, shop,
          shop, first_bread
D:6:      forest_paths
D:7:      zin_statuary, uniq_pikel
D:8:      serial_shops, shop_coins, uniq_psyche, uniq_maurice
D:9:      nicolae_overflow_crystal_walls, serial_shops, shop
D:10:     erik_lair_island, basic_altar
D:11:     minmay_cut_squares, hiddenorc1_lemuel, basic_altar, grunt_pizzeria
Temple:   temple_island_7

Skill      XL: |  1  2  3  4  5  6  7  8  9 10 |
---------------+-------------------------------+-----
Armour         | 4 5 6 7 8 9 |  9.1
Fighting       | 3 4 5 6 7 8 9 |  9.4
Axes           | 2 4 6 9 11 12 | 12.4
Staves         | |  1.7
Dodging        | |  0.5
Stealth        | |  2.4
Shields        | |  1.1

Action                   |  1- 3 |  4- 6 |  7- 9 | 10-12 || total
-------------------------+-------+-------+-------+-------++-------
Melee: Quarterstaff      |    28 |    84 |    36 |       ||   148
       Broad axe         |       |       |   366 |    65 ||   431
Throw: Tomahawk          |       |     4 |     4 |       ||     8
Evoke: Wand              |       |       |     8 |       ||     8
  Use: Potion            |     2 |     1 |     2 |     1 ||     6
       Scroll            |     1 |     3 |    11 |     1 ||    16
 Stab: Sleeping          |     1 |       |       |       ||     1
       Invisible         |       |     1 |     2 |       ||     3
  Eat: Chunk             |       |     1 |    19 |     2 ||    22
       Bread ration      |       |       |     3 |       ||     3
